 Dungeon Crawl Stone Soup version 0.32-a0-933-ga8fa3634e4 (webtiles) character file.

Game seed: 10737063638206380016

85 Tanttac the Trooper (level 4, 0/40 HPs)
             Began as a Draconian Berserker on Apr 14, 2024.
             Was a Follower of Trog.
             Slain by a quokka (3 damage)
             ... on level 3 of the Dungeon.
             The game lasted 00:10:42 (2179 turns).

Tanttac the Trooper (Draconian Berserker)           Turns: 2179, Time: 00:10:42

Health: 0/40       AC:  5    Str: 21    XL:     4   Next: 25%
Magic:  0/4        EV: 11    Int:  7    God:    Trog [*.....]
Gold:   105        SH:  0    Dex: 11    Spells: 3/3 levels left

rFire   . . .        l - +0 scimitar (elec)
rCold   . . .        (no shield)
rNeg    . . .        (body armour unavailable)
rPois   .            (helmet restricted)
rElec   .            (no cloak)
rCorr   .            (no gloves)
SInv    .            (no boots)
Will    .....        e - amulet of guardian spirit
Stlth   +            (no ring)
HPRegen 0.26/turn    (no ring)
MPRegen 0.09/turn

%: guardian spirit
@: no status effects
A: AC +5, unfitting armour, cold-blooded
a: Renounce Religion, Berserk


You were on level 3 of the Dungeon.
You worshipped Trog.
Trog was aware of your devotion.
You visited 1 branch of the dungeon, and saw 3 of its levels.

You collected 105 gold pieces.

Inventory:

Hand Weapons
 a - a +0 spear
 h - a +0 morningstar
 j - a +0 dagger of electrocution
 l - a +0 scimitar of electrocution (weapon)
Missiles
 p - 8 stones
Jewellery
 e - an amulet of guardian spirit (around neck)
Scrolls
 c - a scroll of amnesia {unknown}
 d - 2 scrolls of fear {unknown}
 n - a scroll of poison {unknown}
 o - a scroll of revelation {unknown}
Potions
 b - 2 potions of brilliance {unknown}
 g - a potion of might {unknown}
 i - 2 potions of curing {unknown}
 k - a potion of cancellation {unknown}
 m - 2 potions of berserk rage {unknown}
 q - 3 potions of degeneration {unknown}


   Skills:
 + Level 4.1 Fighting
 + Level 0.1 Long Blades
 + Level 3.9 Polearms
 + Level 0.3 Throwing
 + Level 3.1 Dodging
 + Level 0.9 Stealth


You had 3 spell levels left.
You didn't know any spells.
Your spell library was empty.

Dungeon Overview and Level Annotations

Branches:
Dungeon (3/15)

Altars:

Shops:
D:1 [


Innate Abilities, Weirdness & Mutations

Your plain brown scales are hard. (AC +5)
You cannot fit into any form of body armour.
You are cold-blooded and may be slowed by cold attacks.


Message History

You barely miss Ijyb.
Ijyb is moderately wounded.
Ijyb hits you but does no damage.
Ijyb zaps a wand.
The bolt of acid hits you!
You hit Ijyb. Lightning courses through Ijyb!
Your tail-slap misses Ijyb.
Ijyb is severely wounded.
Ijyb misses you.
You closely miss Ijyb.
Ijyb is severely wounded.
Ijyb closely misses you.
You miss Ijyb.
Ijyb is severely wounded.
The quokka barely misses you. Ijyb hits you but does no damage.
The quokka bites you but does no damage.
Ijyb hits you with a +0 dagger.
You closely miss Ijyb.
Ijyb is severely wounded.
The quokka bites you.
Ijyb zaps a wand.
The bolt of acid hits you!
* * * LOW HITPOINT WARNING * * *
The quokka barely misses you.
You slash Ijyb!
You kill Ijyb!
Trog accepts your kill.
The quokka twitches its whiskers.
The quokka bites you.
* * * LOW HITPOINT WARNING * * *
You have reached level 4!
You feel agile.
You miss the quokka.
Your tail-slap misses the quokka.
The quokka barely misses you. The quokka closely misses you.
You completely miss the quokka.
The quokka bites you but does no damage.
The quokka misses you.
You closely miss the quokka. The quokka barely misses you.
You closely miss the quokka. The quokka bites you.
* * * LOW HITPOINT WARNING * * *
The quokka bites you but does no damage.
You hit the quokka.
The quokka is heavily wounded.
The quokka barely misses you. The quokka bites you.
You die...

## .#.. (
..### # #.
...#. .#( ....
...#..#
#?##.#..####..
#....).r......
##@## ##...##
# ##.....##.#
##.......#.#
#..........##
+.............
#..........##.
##...)...#.#
##.....##...


You could see a quokka.

Vanquished Creatures
  Ijyb (D:3)
  2 adders (D:2)
  A dart slug (D:1)
  A ribbon worm (D:3)
  2 endoplasms
  2 giant cockroaches
  6 goblins
  4 hobgoblins
  3 jackals (D:3)
  4 kobolds
  2 ball pythons (D:2)
  2 bats (D:1)
  2 frilled lizards (D:1)
  4 rats
  4 butterflies (D:1)
40 creatures vanquished.

Notes
Turn   | Place    | Note
-------+----------+-------------------------------------------
     0 | D:1      | Tanttac the Draconian Berserker began the quest for the
                  | Orb.
     0 | D:1      | Reached XP level 1. HP: 19/19 MP: 1/1
   387 | D:1      | Noticed an animated shadow dragon scales
   388 | D:1      | Found Quergh's Armour Boutique.
   391 | D:1      | Noticed an animated pearl dragon scales
   466 | D:1      | Reached XP level 2. HP: 26/26 MP: 2/2
  1048 | D:2      | Reached XP level 3. HP: 32/33 MP: 3/3
  1302 | D:2      | Reached skill level 4 in Fighting
  1339 | D:2      | Found a faded altar of an unknown god.
  2164 | D:3      | Noticed Ijyb
  2174 | D:3      | Killed Ijyb
  2175 | D:3      | Reached XP level 4. HP: 3/40 MP: 0/4
  2179 | D:3      | Slain by a quokka

Illustrated notes

Levels and vault maps discovered:
D:1:      spicycebolla_arrival_clurvy, layout_basic, serial_shops,
          nicolae_shop_mannequins
D:2:      minmay_general_purpose_star, layout_basic,
          ebering_ecumenical_altar_mist
D:3:      layout_loops_corners, gammafunk_temple_overflow_pools,
          uniq_crazy_yiuf_cottage, uniq_ijyb

Skill      XL: |  1  2  3 |
---------------+----------+-----
Dodging        | 3 |  3.1
Fighting       | 4 |  4.1
Long Blades    | |  0.1
Polearms       | |  3.9
Throwing       | |  0.3
Stealth        | |  0.9

Action                     |  1- 3 |  4- 6 || total
---------------------------+-------+-------++-------
  Melee: Spear             |   116 |       ||   116
         Tailslap          |    13 |       ||    13
         Scimitar          |    21 |     5 ||    26
  Throw: Javelin           |    18 |       ||    18
   Stab: Sleeping          |     4 |       ||     4
 Armour: Skin              |    40 |     4 ||    44
  Dodge: Dodged            |    39 |     5 ||    44

Table legend: (Time is in decaauts)
 A = Elapsed time spent in this place.
 B = Non-inter-level travel time spent in this place.
 C = Inter-level travel time spent in this place.
 D = Time resting spent in this place.
 E = Time spent auto-exploring this place.
 F = Levels seen in this place.
 G = Mean time per level.
                   A        B        C        D        E       F      G
               +--------+--------+--------+--------+--------+-----+--------+
         Total |   2191 |   2071 |    120 |      0 |   1422 |   3 |  730.3 |
       Dungeon |   2191 |   2071 |    120 |      0 |   1422 |   3 |  730.3 |
               +--------+--------+--------+--------+--------+-----+--------+

Top non-repeatable levels by time:
     D:2: 1101 daAuts
     D:1: 960 daAuts
     D:3: 129 daAuts
